 Dungeon Crawl Stone Soup version 0.31-a0-618-g7ca08c1ff9 (webtiles) character file.

Game seed: 10532253169755149907

9230 avis the Mimic (level 11, -3/87 HPs)
             Began as a Merfolk Shapeshifter on Aug 22, 2023.
             Slain by an orc warrior
             ... wielding a +0 dire flail
              (12 damage)
             ... on level 9 of the Dungeon on Aug 23, 2023.
             The game lasted 01:09:48 (12672 turns).

avis the Mimic (Merfolk Shapeshifter)              Turns: 12672, Time: 01:09:49

Health: -3/87      AC: 11    Str: 16    XL:     11   Next: 43%
Magic:  11/11      EV: 21    Int:  8    God:
Gold:   541        SH:  5    Dex: 30    Spells: 10/10 levels left

rFire   . .          .
                       - Unarmed
rCold   . . .        (shield currently unavailable)
rNeg    . . .        H - +0 swamp dragon scales
rPois   +            (no helmet)
rElec   .            F - +0 cloak
rCorr   .            (no gloves)
SInv    .            E - +2 pair of boots
Will    .....        q - amulet of reflection
Stlth   +            M - +6 ring of dexterity
HPRegen 0.34/turn    I - +6 ring of dexterity
MPRegen 0.12/turn

%: reflection
@: about to teleport, flux-form, glowing
A: glow, contaminating, (nimble swimmer 2), mertail
a: Begin Untransformation


You were on level 9 of the Dungeon.
You were something dangerously unstable.
You visited 2 branches of the dungeon, and saw 11 of its levels.

You collected 541 gold pieces.

Inventory:

Hand Weapons
 b - a +1 trident of venom
 o - a +0 vampiric halberd
 s - a +2 hand axe
 t - a +3 great sword of freezing
 z - a +0 longbow
 C - a +1 whip of draining
 G - a +1 hand axe of freezing
Missiles
 r - 10 boomerangs (quivered)
 D - 3 javelins
Armour
 g - a +0 troll leather armour
 E - a +2 pair of boots (worn)
 F - a +0 cloak (worn)
 H - +0 swamp dragon scales (worn)
 P - a +2 kite shield
Jewellery
 q - an amulet of reflection (around neck)
 v - a ring of protection from cold
 I - a +6 ring of dexterity (right hand)
 J - a ring of protection from cold
 M - a +6 ring of dexterity (left hand)
Talismans
 c - a beast talisman
 d - a flux talisman (active)
 e - a blade talisman
Wands
 j - a wand of light (6)
 k - a wand of mindburst (11)
 A - a wand of roots (15)
 B - a wand of polymorph (8)
Scrolls
 a - 2 scrolls of torment {unknown}
 f - 3 scrolls of poison {unknown}
 h - 2 scrolls of revelation
 i - a scroll of vulnerability {unknown}
 l - 3 scrolls of fog {unknown}
 p - a scroll of enchant weapon {unknown}
 u - 4 scrolls of fear
 x - a scroll of enchant armour {unknown}
 y - 3 scrolls of teleportation
Potions
 m - 4 potions of enlightenment
 n - 2 potions of magic
 w - 3 potions of might
Miscellaneous
 L - a phantom mirror


   Skills:
 + Level 8.7 Fighting
 + Level 10.6 Dodging
 + Level 9.3 Unarmed Combat
 * Level 13.9 Shapeshifting


You had 10 spell levels left.
You didn't know any spells.
Your spell library contained the following spells:

 Spells                   Type           Power      Damage    Failure   Level
 Kiss of Death            Conj/Necr      0%         2d5       63%         1
 Shock                    Conj/Air       0%         1d3       63%         1
 Slow                     Hex            0%         N/A       63%         1
 Blink                    Tloc           0%         N/A       77%         2
 Lesser Beckoning         Tloc           0%         N/A       77%         2
 Scorch                   Fire           0%         2d5       77%         2
 Sublimation of Blood     Necr           0%         N/A       77%         2
 Wereblood                Tmut           0%         N/A       77%         2
 Confusing Touch          Hex            0%         N/A       94%         3
 Gell's Gravitas          Tloc           0%         N/A       94%         3
 Swiftness                Air            0%         N/A       94%         3
 Teleport Other           Tloc           0%         N/A       94%         3
 Vampiric Draining        Necr           0%         2d6       94%         3
 Airstrike                Air            0%         2d(0-16)  100%        4
 Anguish                  Hex/Necr       0%         N/A       100%        4
 Cause Fear               Hex            0%         N/A       100%        4
 Dispel Undead            Necr           0%         3d6       100%        4
 Flame Wave               Conj/Fire      0%         2d4       100%        4
 Manifold Assault         Tloc           0%         N/A       100%        4
 Irradiate                Conj/Tmut      0%         3d11      100%        5
 Summon Cactus Giant      Summ           0%         N/A       100%        6
 Enfeeble                 Hex            0%         N/A       100%        7
 Summon Hydra             Summ           0%         N/A       100%        7


Dungeon Overview and Level Annotations

Branches:
Dungeon (10/15)            Temple (1/1) D:5            Lair (0/5) D:10
    Orc: D:9-12

Altars:
Ashenzari
Cheibriados
Dithmenos
Elyvilon
Fedhas
Hepliaklqana
Kikubaaqudgha
Makhleb
Nemelex Xobeh
Okawaru
Qazlal
Ru
Sif Muna
Trog
Uskayaw
Vehumet
Wu Jian
Xom
Yredelemnul
The Shining One

Shops:
D:2 !   D:4 (   D:8 (   D:10 *

Annotations:
D:6 Gold behind ice and glass
D:9 1 runed translucent door


Innate Abilities, Weirdness & Mutations

You are something dangerously unstable.
You glow with magical radiation, making you easy to see and hit.
Foes you strike become dangerously contaminated with magical radiation.
You are incapable of wielding weapons or throwing items.
((You are very nimble when in or above water. (Stealth+, EV+, Speed+++)))
Your lower body shifts to a powerful aquatic tail in water.


Message History

You feel drained. The wight burns you. The orc warrior closely misses you.
The troll misses you. The troll claws you. The troll completely misses you.
You hit the wight but do no damage.
The wight shudders as magic cascades through it!!
You destroy the wight!
The howler monkey completely misses you.
The orc warrior hits you but does no damage.
You block the orc warrior's attack. The troll closely misses you.
You block the troll's attack. The troll completely misses you.
Okay, then.
As you read the scroll labelled QEIWAX ROHIYNU, it crumbles to dust.
You feel strangely unstable.
It was a scroll of teleportation.
The howler monkey hoots and howls with incredible vigour!
Something hits you.
* * * LOW HITPOINT WARNING * * *
Something bites you but does no damage. The orc warrior misses you.
The troll bites you but does no damage. The troll barely misses you.
The troll claws you but does no damage. The orc warrior barely misses you.
You hit the troll.
The troll begins to glow.
The troll is lightly wounded.
Something closely misses you. Something barely misses you. The troll bites you!
* * * LOW HITPOINT WARNING * * *
The troll closely misses you. The troll barely misses you.
The orc warrior closely misses you. The orc warrior barely misses you.
You hit the troll.
The troll glows dangerously bright.
The troll is moderately wounded.
You punch the troll!
The troll shudders as magic cascades through it!!
You kill the troll!
Something barely misses you. Something misses you.
The wraith barely misses you. The orc warrior misses you.
The orc warrior hits you with a +0 flail.
* * * LOW HITPOINT WARNING * * *
Your life force feels restored.
You hit something but do no damage.
The vampire begins to glow.
The vampire hits you.
* * * LOW HITPOINT WARNING * * *
You block the vampire's attack. The wraith barely misses you.
The orc warrior hits you with a +0 dire flail!
You die...

#.....# ##.....## #.#..#
####..# ##.......## #....#
##...####.........####)..####
#.......+)........'))........
##...##...........####...####
##..###..#####..## ##..# ##.#
#.8#??$#.## ##.##
#####.###..+hWV#.# ##.#.##
#.....##..8#oBo#.# ##.###.##
#.######.#.#####.# ##.## ##.#
#.######.#...D...# #.## ##.
#.##.....####..### ##.## ##.#
#.##.###.# ##...## ##.###.##
#........# #.....# ##.#.##
####.##..# ##...## #..##
#.##..# ##.#########.##
#.##..#####.##........#


You could see a vampire (invisible, contam), a wraith, 2 orc warriors, an acid
dragon and a howler monkey.

Vanquished Creatures
  A two-headed ogre (D:10)
  Pikel (D:8)
  A cyclops (D:7)
  Jeremiah (D:7)
  Maggie (D:6)
  A rime drake (shapeshifter) (D:10)
  2 kobold demonologists
  2 trolls
  Prince Ribbit (D:5)
  A shadow (D:7)
  4 yaks
  A wyvern (D:9)
  A steam dragon (D:7)
  Edmund (D:5)
  An acid dragon (D:9)
  A sky beast (D:7)
  A black bear (D:4)
  7 orc warriors
  3 ogres (D:5)
  2 centaurs
  10 kobold brigands
  4 bullfrogs
  2 gnoll sergeants (D:7)
  3 scorpions
  15 wights
  3 killer bees (D:9)
  An electric eel (D:7)
  6 howler monkeys
  A crimson imp (D:6)
  7 orc priests
  2 hounds (D:7)
  4 jellies (D:7)
  Ijyb (D:5)
  6 iguanas
  6 orc wizards
  6 adders
  2 shadow imps
  2 white imps
  3 ufetubi
  A worm (D:2)
  A dart slug (D:1)
  48 orcs
  9 ball pythons
  10 endoplasms
  4 giant cockroaches
  6 goblins
  3 hobgoblins
  4 jackals
  8 quokkas
  5 bats
  6 frilled lizards
  37 kobolds
  8 rats
268 creatures vanquished.

Notes
Turn   | Place    | Note
-------+----------+-------------------------------------------
     0 | D:1      | avis the Merfolk Shapeshifter began the quest for the Orb.
     0 | D:1      | Reached XP level 1. HP: 15/15 MP: 1/1
   141 | D:1      | Reached XP level 2. HP: 17/21 MP: 2/2
   200 | D:1      | Found a faded altar of an unknown god.
   203 | D:1      | Got Plato's Vellum of Excruciating Voltage
   690 | D:1      | Reached XP level 3. HP: 26/26 MP: 3/3
  1266 | D:2      | Found Koruoruq's Distillery.
  1552 | D:3      | Reached XP level 4. HP: 26/33 MP: 4/4
  1557 | D:3      | Reached skill level 5 in Shapeshifting
  1693 | D:3      | Found a bloodstained altar of Trog.
  1800 | D:3      | Reached XP level 5. HP: 39/39 MP: 5/5
  2962 | D:4      | Noticed a black bear
  2971 | D:4      | Killed a black bear
  2972 | D:4      | Reached XP level 6. HP: 36/47 MP: 6/6
  3039 | D:4      | Found Raazeifi's Weapon Boutique.
  3455 | D:5      | Entered Level 5 of the Dungeon
  3625 | D:5      | Reached skill level 6 in Shapeshifting
  3706 | D:5      | Found an ornate altar of the Wu Jian Council.
  3707 | D:5      | Found a white marble altar of Elyvilon.
  3737 | D:5      | Reached XP level 7. HP: 34/52 MP: 7/7
  3870 | D:5      | Reached skill level 5 in Dodging
  3870 | D:5      | Found a staircase to the Ecumenical Temple.
  3917 | D:5      | Reached skill level 5 in Unarmed Combat
  3925 | D:5      | Noticed Ijyb
  3930 | Temple   | Entered the Ecumenical Temple
  3996 | D:5      | Killed Ijyb
  4080 | Temple   | Reached skill level 7 in Shapeshifting
  4080 | Temple   | Upgraded the game from 0.31-a0-609-g7bf6ffcfed to
                  | 0.31-a0-618-g7ca08c1ff9
  4364 | D:5      | Reached skill level 8 in Shapeshifting
  4364 | D:5      | Reached XP level 8. HP: 59/60 MP: 8/8
  4903 | D:6      | Noticed a kobold demonologist
  4904 | D:6      | Noticed Edmund
  5062 | D:5      | Noticed an ice devil
  5066 | D:5      | Killed a kobold demonologist
  5212 | D:5      | Reached skill level 5 in Fighting
  5212 | D:5      | Reached skill level 9 in Shapeshifting
  5321 | D:5      | Killed Edmund
  5457 | D:6      | Noticed Prince Ribbit
  5489 | D:5      | Killed Prince Ribbit
  5490 | D:5      | Reached XP level 9. HP: 25/68 MP: 9/9
  5768 | D:6      | Found a burning altar of Makhleb.
  5788 | D:6      | Noticed Maggie
  5953 | D:6      | Killed Maggie
  5954 | D:6      | Reached skill level 10 in Shapeshifting
  6525 | D:7      | Noticed Jeremiah
  6548 | D:7      | Killed Jeremiah
  6702 | D:7      | Found a bloodstained altar of Trog.
  6850 | D:7      | Reached skill level 11 in Shapeshifting
  6852 | D:7      | Found a hide-covered altar of Uskayaw.
  6852 | D:7      | Found a sparkling altar of Nemelex Xobeh.
  7104 | D:7      | Found a shimmering blue altar of Sif Muna.
  7148 | D:7      | Reached XP level 10. HP: 77/77 MP: 10/10
  7240 | D:7      | Noticed a cyclops
  7255 | D:7      | Killed a cyclops
  8643 | D:8      | Identified the +7 spear of Yqac {freeze, rN++ Will- rCorr
                  | Str+2}
  8653 | D:8      | Found a hazy altar of Hepliaklqana.
  8677 | D:8      | Reached skill level 12 in Shapeshifting
  9071 | D:8      | Noticed Pikel
  9081 | D:8      | Killed Pikel
  9170 | D:8      | Found Keatejia's Weapon Boutique.
  9728 | D:9      | Noticed a kobold demonologist
  9739 | D:9      | Killed a kobold demonologist
  9798 | D:9      | Found a runed translucent door.
 10268 | D:9      | Reached skill level 13 in Shapeshifting
 10280 | D:9      | Reached XP level 11. HP: 79/86 MP: 11/11
 10301 | D:9      | Reached skill level 10 in Dodging
 11221 | D:10     | Entered Level 10 of the Dungeon
 11671 | D:10     | Found a staircase to the Lair.
 12256 | D:10     | Found Qoc Cyuwnau's Fire Supplies.
 12351 | D:10     | Noticed a two-headed ogre
 12360 | D:10     | Killed a two-headed ogre
 12672 | D:9      | Slain by an orc warrior

Illustrated notes

Levels and vault maps discovered:
D:1:      minmay_arrival_four_circles, layout_loops_cross,
          shapermc_ecumenical_altar_rom_forum, minmay_tree_intersection
D:2:      layout_rooms, serial_shops, nicolae_diamond_shop
D:3:      wad_woods_stonehenge, layout_basic
D:4:      layout_basic, serial_shops, nicolae_shop_bloodbath_and_beyond,
          hangedman_feature_mirror
D:5:      layout_basic, nicolae_overflow_two_pavilions,
          minmay_temple_entry_grid, uniq_ijyb
D:6:      lemuel_ice_spiral_2, layout_rooms, makhleb_grotto_becter, uniq_maggie,
          uniq_edmund, uniq_prince_ribbit1
D:7:      nzn_winding_woodlands_small [nzn_winding_woodlands_5x15_garden,
          nzn_winding_woodlands_center_lodge,
          nzn_winding_woodlands_5x15_sidewinder], layout_layer_cave,
          gammafunk_temple_overflow_claw, nicolae_overflow_crystal_walls,
          kennysheep_minor_cross, minmay_misc_feat_iff,
          kennysheep_opposing_triangles, uniq_jeremiah
D:8:      layout_cave_pools, nicolae_hepliaklqana_hazy_memory, serial_shops,
          nicolae_shop_waterfront, hangedman_decor_growths, uniq_pikel
D:9:      layout_loops_corners, minmay_st_funbox, kennysheep_generic_room_10
D:10:     layout_layer_cave, grunt_temple_overflow_gold_and_silver,
          lair_entry_dummy, serial_shops, shop, special_room [special_room_orc],
          nicolae_shop_fire_sale [nicolae_sub_dead_trees]
Temple:   nicolae_temple_godzebo

Skill      XL: |  1  2  3  4  5  6  7  8  9 10 11 |
---------------+----------------------------------+-----
Dodging        | 3 4 5 7 8 9 10 | 10.6
Fighting       | 2 3 4 5 6 8 |  8.7
Shapeshifting  | 5 6 8 9 11 13 | 13.9
Unarmed Combat | 4 5 6 7 8 9 |  9.3

Action                     |  1- 3 |  4- 6 |  7- 9 | 10-12 || total
---------------------------+-------+-------+-------+-------++-------
  Melee: Unarmed           |   101 |   156 |   318 |   385 ||   960
         Punch             |     2 |     5 |       |       ||     7
         Tailslap          |       |     1 |       |     3 ||     4
  Throw: Boomerang         |       |     6 |     6 |       ||    12
  Evoke: Wand              |       |       |       |     6 ||     6
    Use: Scroll            |       |       |     8 |     4 ||    12
         Potion            |       |       |     3 |     2 ||     5
   Stab: Sleeping          |     2 |       |       |       ||     2
         Invisible         |       |       |       |     2 ||     2
 Armour: Animal skin       |     7 |       |       |       ||     7
         Robe              |    10 |    12 |       |       ||    22
         Chain mail        |       |    38 |    47 |       ||    85
         Skin              |       |       |     6 |    29 ||    35
         Swamp dragon scal |       |       |    18 |    62 ||    80
  Dodge: Dodged            |    51 |    52 |   133 |   289 ||   525
  Block: Other             |     1 |    20 |    61 |    70 ||   152
         Reflection        |       |       |     3 |     3 ||     6
   Form: Flux              |       |       |     3 |       ||     3
         Beast             |       |       |     1 |       ||     1
         Blade             |       |       |     1 |       ||     1

Table legend: (Time is in decaauts)
 A = Elapsed time spent in this place.
 B = Non-inter-level travel time spent in this place.
 C = Inter-level travel time spent in this place.
 D = Time resting spent in this place.
 E = Time spent auto-exploring this place.
 F = Levels seen in this place.
 G = Mean time per level.
                   A        B        C        D        E       F      G
               +--------+--------+--------+--------+--------+-----+--------+
         Total |  12561 |  11008 |   1553 |   2379 |   5754 |  11 | 1141.9 |
       Dungeon |  12285 |  10735 |   1550 |   2190 |   5739 |  10 | 1228.5 |
        Temple |    276 |    273 |      3 |    189 |     15 |   1 |  276.0 |
               +--------+--------+--------+--------+--------+-----+--------+

Top non-repeatable levels by time:
     D:7: 2368 daAuts
     D:5: 1967 daAuts
     D:9: 1480 daAuts
    D:10: 1257 daAuts
     D:3: 1246 daAuts
     D:8: 948 daAuts
     D:1: 926 daAuts
     D:4: 780 daAuts
     D:6: 735 daAuts
     D:2: 573 daAuts
  Temple: 276 daAuts
